AoeStats
← kaib1249

Arabia

506578945Analyzed
1v1 RM · 16d ago on Sep 14, 2026· 30m 13s· 2 players
Game mode
Random Map
Map size
Tiny (2 player)
Population
200
Speed
Normal
Resources
Standard
Victory
Conquest
Starting age
Dark Age
Ending age
Imperial Age
RankedLock teamsTeams togetherTeam positionsShared explorationLock speedFull tech treeHidden civsTurbo modeCheats
Victory
Defeat
🇺🇸 Japanese · United States
715
+12
🇺🇸 Turks · United States
623
-12
kaib1249
10:28 Loom
12:14 Feudal Age
14:19 Horse Collar
14:25 Double-Bit Axe
20:36 Fletching
23:13 Castle Age
24:50 Murder Holes
27:20 Bodkin Arrow
Forger1962
9:52 Loom
11:38 Feudal Age
17:19 Castle Age
18:55 Wheelbarrow
19:57 Hand Cart
19:30 Horse Collar
19:41 Double-Bit Axe
22:29 Scale Mail Armor
32:37 Imperial Age
Connection lost

Rejoining the realm…

Still unreachable

The connection could not be restored.

Session expired

The server has moved on; the page needs a fresh start.